 Dungeon Crawl Stone Soup version 0.18.1-8-gdd0e5ea (webtiles) character file.

123 urechis the Ruffian (level 4, -2/44 HPs)
             Began as a Troll Monk on May 29, 2016.
             Slain by a wyvern zombie (13 damage)
             ... on level 4 of the Dungeon.
             The game lasted 00:03:18 (2050 turns).

urechis the Ruffian (Troll Monk)                    Turns: 2050, Time: 00:03:19

Health: -2/44      AC:  5    Str: 18 (19) XL:     4   Next: 80%
Magic:  3/3        EV: 10    Int:  0 (3)  God:
Gold:   130        SH:  0    Dex: 11 (13) Spells: 0 memorised, 3 levels left

rFire  . . .     SeeInvis .       - Unarmed
rCold  . . .     Gourm    +     t - +0 robe (curse)
rNeg   . . .     Faith    .     (no shield)
rPois  .         Spirit   .     (helmet restricted)
rElec  .         Dismiss  .     (no cloak)
rCorr  .         Reflect  .     (gloves unavailable)
SustAt .         Harm     .     (boots unavailable)
MR     .....                    a - amulet of rage
Stlth  +.........               (no ring)
                                q - -3 ring of intelligence (curse)

@: slowed, lost intelligence, very slow, not resistant to hostile enchantments,
very unstealthy
A: unfitting armour, claws 3, fast metabolism 3, gourmand, regeneration 2,
shaggy fur 1, tough skin 2
a: Evoke Berserk Rage


You were on level 4 of the Dungeon.
You were completely stuffed.

You visited 1 branch of the dungeon, and saw 4 of its levels.

You collected 130 gold pieces.

Inventory:

Armour
 t - a cursed +0 robe (worn)
Jewellery
 a - an amulet of rage (around neck)
 h - an uncursed amulet of magic regeneration
 q - a cursed -3 ring of intelligence (left claw)
Scrolls
 e - a scroll of enchant armour {unknown}
 f - 2 scrolls of fear
 g - 3 scrolls of fog
 j - a scroll of remove curse {unknown}
 k - 2 scrolls of teleportation
Potions
 c - a potion of agility
Comestibles
 b - 5 bread rations
 l - 2 beef jerkies
 s - a royal jelly


   Skills:
 - Level 2.4 Fighting
 - Level 2.4 Dodging
 - Level 1.1 Stealth
 + Level 6.2 Unarmed Combat


You had 3 spell levels left.
You didn't know any spells.

Dungeon Overview and Level Annotations

Branches:
Dungeon (4/15)
 Temple: D:4-7

Altars:
Xom


Innate Abilities, Weirdness & Mutations

You are too large for most types of armour.
You have claws for hands.
Your metabolism is lightning-fast.
You like to eat raw meat.
You heal very quickly.
You are covered in fur (AC +1).
You have very tough skin (AC +2).


Message History

You now have 130 gold pieces (gained 10).
A wyvern zombie comes into view.
A hound zombie comes into view.
The wyvern zombie bites you! The wyvern zombie bites you.
You claw the wyvern zombie! The wyvern zombie bites you. x2
You are too injured to fight recklessly!
You are too injured to fight recklessly!
You are too injured to fight recklessly!
You are too injured to fight recklessly!
You scratch the wyvern zombie. The wyvern zombie bites you.
You scratch the wyvern zombie. The wyvern zombie bites you.
The wyvern zombie barely misses you. The hound zombie bites you.
* * * LOW HITPOINT WARNING * * *
You scratch the wyvern zombie. The wyvern zombie bites you!
* * * LOW HITPOINT WARNING * * *
The hound zombie bites you but does no damage.
The wyvern zombie bites you but does no damage.
You claw the wyvern zombie! The hound zombie closely misses you.
The wyvern zombie bites you!
You die...

#(. #...# #.
#######..#
#....#...#
#......#..#
#......##.# #
#......# ...
#.####.##.......<
###......##.####...#
.......@Z##.# .#..
......Z........
..........###..
..........#
#.........#
#.........#
##.......##
.........


You could see a hound zombie and a wyvern zombie.

Vanquished Creatures
  An iguana (D:4)
  4 adders
  A worm (D:2)
  A dart slug (D:2)
  2 giant geckos (D:3)
  7 bats
  5 giant cockroaches
  9 goblins
  7 hobgoblins
  4 jackals (D:2)
  A quokka (D:2)
  2 giant newts (D:1)
  5 kobolds
  6 rats
55 creatures vanquished.

Notes
Turn   | Place    | Note
--------------------------------------------------------------
     0 | D:1      | urechis the Troll Monk began the quest for the Orb.
     0 | D:1      | Reached XP level 1. HP: 22/22 MP: 0/0
   210 | D:1      | Reached XP level 2. HP: 20/29 MP: 1/1
   855 | D:2      | Reached skill level 5 in Unarmed Combat
   855 | D:2      | Reached XP level 3. HP: 36/36 MP: 2/2
  1472 | D:2      | Reached XP level 4. HP: 44/44 MP: 3/3
  1929 | D:3      | Lost intelligence.
  1949 | D:3      | Found a shimmering altar of Xom.
  1979 | D:3      | Lost intelligence.
  2008 | D:4      | Reached skill level 6 in Unarmed Combat
  2050 | D:4      | Slain by a wyvern zombie

Skill      XL: |  1  2  3  4 |
---------------+-------------+-----
Unarmed Combat | 5 6 |  6.2
Fighting       | |  2.4
Dodging        | |  2.4
Stealth        | |  1.1

Action                   |  1- 3 |  4- 6 || total
-------------------------+-------+-------++-------
Melee: Unarmed           |    92 |    46 ||   138
       Punch             |     2 |     1 ||     3
  Use: Potion            |       |     6 ||     6
       Scroll            |       |     4 ||     4
 Stab: Sleeping          |     2 |     1 ||     3
  Eat: Chunk             |    19 |     6 ||    25
Armor: Robe              |    43 |    18 ||    61
Dodge: Dodged            |    62 |    23 ||    85
